 Dungeon Crawl Stone Soup version 0.29.0-13-gc9e81de378 (webtiles) character file.

Game seed: 3095388255183991430

14142 ILmort the Destroyer (level 11, -5/97 HPs)
             Began as a Black Draconian Conjurer on Sept 10, 2022.
             Was a Believer of Vehumet.
             Slain by a cane toad (13 damage)
             ... on level 2 of the Lair of Beasts.
             The game lasted 00:52:24 (14119 turns).

ILmort the Destroyer (Black Draconian Conjurer)    Turns: 14119, Time: 00:52:25

Health: -5/97      AC: 14    Str: 10    XL:     11   Next: 84%
Magic:  23/25      EV: 13    Int: 22    God:    Vehumet [**....]
Gold:   314        SH:  0    Dex:  8    Spells: 20/30 levels left

rFire   . . .      SeeInvis .   N - +7 double sword "Vunutim" {elec, Fragile rN+++ Dex-2 Stlth+}
rCold   + . .      Faith    .   (no shield)
rNeg    + + +      Spirit   .   (body armour unavailable)
rPois   .          Reflect  .   F - +1 hat
rElec   +          Harm     .   (no cloak)
rCorr   .          Rampage  .   b - +0 pair of gloves
Will    .....                   j - +0 pair of boots
Stlth   +++.......              y - amulet of magic regeneration
HPRegen 0.26/turn               p - +4 ring of protection
MPRegen 0.59/turn               w - ring of protection from cold

@: lethally poisoned (-5 -> -44)
A: breathe lightning, AC +7, unfitting armour, electricity resistance,
cold-blooded
a: Breathe Lightning, Renounce Religion


You were on level 2 of the Lair of Beasts.
You worshipped Vehumet.
Vehumet was pleased with you.
You visited 3 branches of the dungeon, and saw 13 of its levels.
You also visited: Ossuary.

You collected 854 gold pieces.
You spent 540 gold pieces at shops.

Inventory:

Hand Weapons
 f - a +0 mace
 h - a +0 dagger
 n - a +0 scimitar
 E - a +2 dagger of venom
 L - a +4 whip of venom
 N - the +7 double sword "Vunutim" (weapon) {elec, Fragile rN+++ Dex-2 Stlth+}
   (You bought it in a shop on level 5 of the Dungeon)

   It occasionally discharges a powerful burst of electricity upon striking a
   foe.
   Dex:       It affects your dexterity (-2).
   rN:        It renders you almost immune to negative energy.
   Fragile:   It will be destroyed if unequipped.
   Stlth:     It makes you more stealthy.
Missiles
 J - a throwing net (quivered)
 S - 8 poisoned darts
Armour
 b - a +0 pair of gloves (worn)
 j - a +0 pair of boots (worn)
 q - a +0 cloak
 F - a +1 hat (worn)
 T - a +0 kite shield
Jewellery
 m - an amulet of guardian spirit
 p - a +4 ring of protection (left hand)
 w - a ring of protection from cold (right hand)
 y - an amulet of magic regeneration (around neck)
 Q - a ring of ice
Wands
 d - a wand of flame (14)
 C - a wand of iceblast (8)
 K - a wand of light (14)
 M - a wand of polymorph (14)
 V - a wand of paralysis (5)
Scrolls
 g - 2 scrolls of vulnerability
 k - 5 scrolls of poison
 v - a scroll of immolation {unknown}
 x - 5 scrolls of noise {unknown}
 z - 5 scrolls of teleportation {unknown}
 A - a scroll of enchant weapon {unknown}
 G - 2 scrolls of blinking {unknown}
 H - a scroll of silence {unknown}
 O - a scroll of enchant armour {unknown}
 R - a scroll of amnesia {unknown}
 W - a scroll of summoning {unknown}
Potions
 a - 2 potions of magic
 c - a potion of flight {unknown}
 e - 3 potions of cancellation {unknown}
 i - 4 potions of might
 l - 6 potions of heal wounds
 o - 2 potions of experience {unknown}
 r - 7 potions of resistance
 s - 2 potions of lignification
 t - a potion of mutation {unknown}
 u - 5 potions of haste
 B - a potion of berserk rage {unknown}
 D - a potion of brilliance {unknown}
 I - 2 potions of degeneration {unknown}
 P - 3 potions of curing
 U - a potion of attraction {unknown}


   Skills:
 + Level 9.0 Fighting
 + Level 4.0 Long Blades
 + Level 6.0 Dodging
 + Level 4.0 Stealth
 - Level 10.1 Spellcasting
 + Level 10.9 Conjurations
 + Level 4.0 Hexes


You had 20 spell levels left.
You knew the following spells:

 Your Spells              Type           Power      Damage    Failure   Level
a - Magic Dart            Conj           100%       1d8       1%          1
b - Searing Ray           Conj           100%       2d8       1%          2
c - Fulminant Prism       Conj/Hex       22%        3d13      2%          4
d - Dazzling Flash        Conj/Hex       88%        N/A       1%          3

Your spell library contained the following spells:

 Spells                   Type           Power      Damage    Failure   Level
 Ignite Poison            Fire/Tmut/Pois 11%        N/A       19%         3
 Beastly Appendage        Tmut           22%        N/A       6%          1
 Necrotise                Necr           44%        1d6       6%          1
 Iskenderun's Mystic Bla  Conj/Tloc      35%        2d8       6%          4
 Wereblood                Tmut           11%        N/A       9%          2
 Spider Form              Tmut/Pois      11%        N/A       19%         3
 Vampiric Draining        Necr           11%        2d6       19%         3
 Agony                    Necr           11%        N/A       86%         5


Dungeon Overview and Level Annotations

Branches:
Dungeon (9/15)             Temple (1/1) D:5            Lair (3/5) D:9
Ossuary (visited)
  Swamp: Lair:2-3    Shoals: Lair:2-3     Snake: Lair:2-3    Spider: Lair:2-3
    Orc: D:9-12

Altars:
Ashenzari
Cheibriados
Dithmenos
Fedhas
Gozag
Hepliaklqana
Makhleb
Nemelex Xobeh
Okawaru
Qazlal
Sif Muna
Vehumet
Xom
Yredelemnul
Zin

Shops:
D:5 (   D:6 :


Innate Abilities, Weirdness & Mutations

You can breathe wild blasts of lightning.
Your glossy black scales are hard. (AC +7)
You cannot fit into any form of body armour.
You are resistant to electric shocks. (rElec)
You are cold-blooded and may be slowed by cold attacks.


Message History

There is a stone staircase leading up here.
You slash the bullfrog! You tail-slap the bullfrog. The bullfrog misses you.
The bullfrog hits you but does no damage.
You slash the bullfrog!
You kill the bullfrog!
Vehumet accepts your kill.
An elephant comes into view.
The cane toad stings you!
The boulder beetle curls into a ball and begins rolling!
You climb upwards.
There is a stone staircase leading down here.
Casting: Magic Dart (safe; 1% risk of failure)
Casting: Dazzling Flash (safe; 1% risk of failure)
The cane toad stings you.
You are poisoned.
The cane toad poisons you!
Casting: Dazzling Flash (safe; 1% risk of failure)
Casting: Dazzling Flash (safe; 1% risk of failure)
The cane toad is dazzled.
You feel very sick. The cane toad stings you! The cane toad misses you.
You closely miss the cane toad.
You feel very sick.
The cane toad stings you but does no damage.
You barely miss the cane toad. You tail-slap the cane toad.
You feel very sick.
The cane toad stings you but does no damage.
The cane toad stings you.
You are more poisoned.
The cane toad poisons you!
You barely miss the cane toad.
You tail-slap the cane toad, but do no damage.
You feel extremely sick.
You hit the cane toad.
You feel very sick.
The cane toad is no longer blind.
The cane toad stings you!!
* * * LOW HITPOINT WARNING * * *
You are more poisoned.
The cane toad poisons you! The cane toad stings you!
You die...

.........................#
........................##
........#..#.###...#....##
#....######### ######....#
#...######### ##....#
....P##.#.#.########....P#
........................##
................F.......#
................@.......#
..###.#P###.##.###.##...##
...###### ####.# ####....#
..## ### #....## ..###
##...# ....#
###########...#
....#######.#.##.#......#
........................##
.........................#


You could see a cane toad.

Vanquished Creatures
  A boulder beetle (Lair:2)
  A two-headed ogre (D:9)
  An ugly thing (D:9)
  Joseph (D:7)
  6 elephants
  6 cane toads
  Maggie (D:6)
  2 trolls (D:9)
  A polar bear (D:8)
  8 blink frogs (Lair:2)
  8 yaks (Lair:1)
  A wyvern (Lair:1)
  A basilisk (Lair:2)
  2 steam dragons (D:8)
  2 acid dragons (D:9)
  Duvessa (D:5)
  3 water moccasins
  3 black bears
  2 sky beasts (D:7)
  2 ice beasts
  2 ogres (D:5)
  5 wolves
  2 centaurs
  7 bullfrogs
  An elf zombie (Ossuary)
  A necrophage (D:7)
  2 gnoll sergeants
  4 scorpions
  4 wights (D:7)
  Dowan (D:5)
  3 electric eels
  3 howler monkeys
  2 centaur zombies (Ossuary)
  A jelly (D:7)
  A human zombie (Ossuary)
  4 orc priests
  A gnoll bouda (D:5)
  6 hounds
  2 iguanas
  2 orc wizards
  A centaur simulacrum (D:8)
  2 hound zombies (Ossuary)
  3 mummies (Ossuary)
  12 gnolls
  11 adders
  A shadow imp (D:6)
  A white imp (D:8)
  A howler monkey simulacrum (D:8)
  3 ufetubi
  An adder zombie (Ossuary)
  2 worms (D:3)
  3 dart slugs
  29 orcs
  7 bats
  9 endoplasms
  4 giant cockroaches
  A gnoll zombie (Ossuary)
  6 goblins
  6 hobgoblins
  5 jackals
  6 quokkas
  7 ball pythons
  3 frilled lizards
  2 goblin zombies (Ossuary)
  3 hobgoblin zombies (Ossuary)
  2 jackal zombies (Ossuary)
  9 kobolds
  6 kobold zombies (Ossuary)
  3 orc zombies (Ossuary)
  2 quokka zombies (Ossuary)
  4 rat zombies (Ossuary)
  A spectral orc (D:7)
  16 fulminant prisms
279 creatures vanquished.

Vanquished Creatures (others)
  83 fulminant prisms
  22 fungi
  27 plants
  3 toadstools (D:4)
135 creatures vanquished.

Grand Total: 414 creatures vanquished

Notes
Turn   | Place    | Note
-------+----------+-------------------------------------------
     0 | D:1      | ILmort the Draconian Conjurer began the quest for the Orb.
     0 | D:1      | Reached XP level 1. HP: 14/14 MP: 3/3
   266 | D:1      | Reached XP level 2. HP: 20/20 MP: 1/5
  1085 | D:1      | Learned a level 2 spell: Searing Ray
  1122 | D:2      | Reached XP level 3. HP: 25/26 MP: 6/6
  2043 | D:3      | Found a stormy altar of Qazlal.
  2144 | D:3      | Reached XP level 4. HP: 33/33 MP: 3/7
  2186 | D:3      | Found a faded altar of an unknown god.
  2603 | D:3      | Reached skill level 5 in Conjurations
  3194 | D:4      | Reached XP level 5. HP: 32/38 MP: 9/9
  3603 | D:4      | Reached XP level 6. HP: 33/45 MP: 3/10
  3973 | D:5      | Entered Level 5 of the Dungeon
  3991 | D:5      | Found Beusch's Antique Weapon Shoppe.
  4006 | D:5      | Found a staircase to the Ecumenical Temple.
  4053 | D:5      | Reached skill level 1 in Fighting
  4054 | D:5      | Noticed an ice beast
  4074 | D:5      | Killed an ice beast
  4075 | D:5      | Your scales start taking on a glossy black colour.
  4075 | D:5      | Reached XP level 7. HP: 42/56 MP: 11/13
  4075 | D:5      | Gained mutation: You are resistant to electric shocks.
                  | (rElec) [Black Draconian growth]
  4105 | D:5      | Found a sand-covered staircase.
  4115 | D:5      | Noticed Dowan
  4121 | Ossuary  | Entered an ossuary
  4758 | D:5      | Learned a level 4 spell: Fulminant Prism
  4934 | D:5      | Reached XP level 8. HP: 66/66 MP: 7/14
  4948 | D:5      | Found a basalt altar of Yredelemnul.
  5136 | D:5      | Reached skill level 1 in Hexes
  5408 | D:5      | Noticed Duvessa
  5437 | D:5      | Killed Duvessa
  5628 | D:5      | Killed Dowan
  6216 | Temple   | Entered the Ecumenical Temple
  6237 | Temple   | Became a worshipper of Vehumet
  6339 | D:6      | Noticed Maggie
  6359 | D:6      | Killed Maggie
  6360 | D:6      | Reached skill level 5 in Fighting
  6811 | D:6      | Reached skill level 5 in Spellcasting
  6945 | D:6      | Reached XP level 9. HP: 74/74 MP: 0/16
  6982 | D:6      | Found Xesuk's Book Shoppe.
  7276 | D:7      | Reached * piety under Vehumet
  7276 | D:7      | Offered knowledge of Sandblast by Vehumet.
  7554 | D:7      | Found a snail-covered altar of Cheibriados.
  7633 | D:7      | Noticed Joseph
  7649 | D:7      | Killed Joseph
  7729 | D:7      | Found a hazy altar of Hepliaklqana.
  7761 | D:7      | Found a burning altar of Makhleb.
  8160 | D:8      | Noticed a polar bear
  8168 | D:8      | Killed a polar bear
  8262 | D:8      | Found a shimmering altar of Xom.
  8273 | D:8      | Found a shimmering blue altar of Sif Muna.
  8512 | D:8      | Reached XP level 10. HP: 67/84 MP: 11/19
  9110 | D:5      | Bought a twisted double sword for 540 gold pieces
  9110 | D:5      | Identified the +7 double sword "Vunutim" {elec, Fragile
                  | rN+++ Dex-2 Stlth+} (You bought it in a shop on level 5 of
                  | the Dungeon)
  9231 | D:9      | Noticed a two-headed ogre
  9241 | D:9      | Killed a two-headed ogre
  9242 | D:9      | Reached skill level 10 in Conjurations
  9392 | D:9      | Offered knowledge of Poisonous Vapours by Vehumet.
  9565 | D:9      | Noticed a white ugly thing
  9593 | D:9      | Killed a white ugly thing
  9951 | D:9      | Reached ** piety under Vehumet
 10028 | D:9      | Found a staircase to the Lair.
 10261 | D:9      | Learned a level 3 spell: Dazzling Flash
 10383 | Lair:1   | Entered Level 1 of the Lair of Beasts
 10568 | Lair:1   | Reached skill level 1 in Long Blades
 10698 | Lair:1   | Noticed a cane toad
 10700 | Lair:1   | Noticed a cane toad
 10707 | Lair:1   | Killed a cane toad
 10711 | Lair:1   | Killed a cane toad
 10712 | Lair:1   | Reached skill level 5 in Dodging
 10720 | Lair:1   | Noticed a cane toad
 10739 | Lair:1   | Killed a cane toad
 10740 | Lair:1   | Reached XP level 11. HP: 94/94 MP: 1/23
 11690 | Lair:1   | You fall into a shaft and drop 1 floor!
 11693 | Lair:2   | Offered knowledge of Ignite Poison by Vehumet.
 12051 | Lair:2   | Noticed a boulder beetle
 12407 | Lair:3   | Found a blossoming altar of Fedhas.
 12422 | Lair:3   | Noticed a boulder beetle
 13424 | Lair:2   | Killed a boulder beetle
 13425 | Lair:2   | Reached skill level 10 in Spellcasting
 14119 | Lair:2   | Slain by a cane toad

Illustrated notes

Levels and vault maps discovered:
D:1:      dpeg_arrival_simpleton_c, layout_loops_ring
D:2:      layout_basic
D:3:      layout_loops_corners, nicolae_qazlal_scattered_showers,
          basic_ecumenical_altar, chequers_serial_rivers_micro_e
D:4:      layout_loops_ring, st_stairs_10, grunt_decor_fettered,
          minmay_gold_behind_fungi
D:5:      layout_basic, marbit_many_paths, minmay_temple_entry_tees,
          serial_shops, shop, nicolae_ossuary_entry_ruins, uniq_duvessa
D:6:      layout_rooms, serial_shops, shop, uniq_maggie
D:7:      layout_basic, makhleb_heckhound_becter, kennysheep_little_box,
          nicolae_hepliaklqana_monster_ancestors, uniq_joseph
D:8:      layout_basic, mainiacjoe_overflow_large_starburst, serial_ice,
          serial_ice_a, serial_ice_b, serial_ice_g, serial_ice_i, serial_ice_d,
          serial_ice_c, serial_ice_n, serial_ice_o
D:9:      layout_basic, lair_entry_dummy
Temple:   eino_temple_water
Lair:1:   layout_roguey, serial_bayou_shore_a, lemuel_fruit_fields
Lair:2:   layout_long_grid, nicolae_volcano_entry_s_turn,
          infiniplex_staircase_pool_2
Lair:3:   layout_gridlike, minmay_swamp_entry_worms,
          minmay_snake_entry_guardpost_small, basic_altar, uniq_josephine,
          uniq_fannar

Skill      XL: |  1  2  3  4  5  6  7  8  9 10 11 |
---------------+----------------------------------+-----
Stealth        | 2 3 4 |  4.0
Conjurations   | 5 6 7 8 9 10 | 10.9
Spellcasting   | 3 4 5 6 8 10 | 10.1
Fighting       | 2 4 5 6 7 9 |  9.0
Hexes          | 2 4 |  4.0
Dodging        | 3 5 6 |  6.0
Long Blades    | 1 4 |  4.0

Action                   |  1- 3 |  4- 6 |  7- 9 | 10-12 || total
-------------------------+-------+-------+-------+-------++-------
Melee: Dagger            |    13 |    26 |   109 |       ||   148
       Scimitar          |    21 |    75 |       |       ||    96
       Tailslap          |     4 |    12 |    20 |     8 ||    44
       Punch             |     1 |       |     1 |       ||     2
       Whip              |       |       |    66 |       ||    66
       Double sword      |       |       |       |    93 ||    93
 Cast: Magic Dart        |    71 |    61 |   173 |    45 ||   350
       Searing Ray       |       |    16 |    95 |    51 ||   162
       Fulminant Prism   |       |       |    22 |    77 ||    99
       Dazzling Flash    |       |       |       |     3 ||     3
 Abil: Breathe Lightning |       |       |     6 |     1 ||     7
  Use: Scroll            |       |     4 |     5 |     7 ||    16
       Potion            |       |       |     1 |       ||     1
 Stab: Sleeping          |       |     2 |       |       ||     2
Armor: Skin              |    14 |    46 |   137 |    92 ||   289
Dodge: Dodged            |    19 |    70 |   125 |   109 ||   323
